 Dungeon Sprint DCSS version 0.16-a0-3803-gd4b2de5 (console) character file.

4220 Monkaria the Champion of Chaos (level 10, -14/93 HPs)
             Began as a Hill Orc Fighter on Jan 26, 2015.
             Was the Champion of Makhleb.
             Killed from afar by a lindwurm (18 damage)
             ... with a blast of flame
             ... in the Dungeon (Sprint IX: "|||||||||||||||||||||||||||||").
             The game lasted 00:05:25 (941 turns).

Monkaria the Champion of Chaos (Hill Orc Fighter)    Turns: 941, Time: 00:05:26

Health: -14/93     AC: 15    Str: 23      XL:     10   Next: 30%
Magic:  28/28      EV: 11    Int:  3 (13) God:    Makhleb [******]
Gold:   15         SH: 12    Dex: 10      Spells: 0 memorised, 9 levels left

rFire  . . .     SeeInvis .     q - +2 scimitar (flame)
rCold  . . .     Clarity  .     t - +1 scale mail
rNeg   . . .     SustAb   .     c - +0 shield
rPois  .         Gourm    .     (no helmet)
rElec  .         Spirit   .     r - +0 cloak
rCorr  .         Warding  .     (no gloves)
rMut   .         NoTele   +     s - +0 pair of boots
MR     .....                    (no amulet)
Stlth  ..........               u - +2 ring of evasion
                                v - +2 ring of protection

@: brilliant, lost intelligence, very slow, not resistant to hostile
enchantments, extremely unstealthy
A: no striking features
a: Minor Destruction, Lesser Servant of Makhleb, Major Destruction, Greater
Servant of Makhleb, Renounce Religion


You were in the Dungeon.
You worshipped Makhleb.
Makhleb was exalted by your worship.
You were not hungry.

You visited 1 branch You collected 15 gold pieces.

Inventory:

Hand weapons
 p - the +4 quarterstaff of Sequestration {crush, rPois+ rF- MR++ Stlth-}
   (You found it in the Dungeon)

   It inflicts extra damage upon your enemies.
   It makes you vulnerable to fire.
   It protects you from poison.
   It affects your resistance to hostile enchantments.
   It makes you less stealthy.
 q - a +2 scimitar of flaming (weapon)
Missiles
 x - 6 tomahawks (quivered)
Armour
 c - a +0 shield (worn)
 r - a +0 cloak (worn)
 s - a +0 pair of boots (worn)
 t - a +1 scale mail (worn)
Jewellery
 u - a +2 ring of evasion (right hand)
 v - a +2 ring of protection (left hand)
Magical devices
 o - a wand of fire (0)
Scrolls
 k - 3 scrolls of blinking
 m - 3 scrolls of remove curse
 n - 2 scrolls of amnesia
 y - a scroll of fog
 z - 2 scrolls of enchant armour
 A - 2 scrolls of recharging
Potions
 b - a potion of cure mutation
 e - a potion of might
 f - 5 potions of curing
 g - 2 potions of heal wounds
 h - a potion of haste
 i - 4 potions of magic
 j - 2 potions of berserk rage
 l - a potion of invisibility
Comestibles
 a - 2 chunks of flesh
 d - a meat ration


   Skills:
 + Level 9.9 Fighting
 - Level 13.6 Long Blades
 - Level 11.3 Armour
 - Level 10.0 Shields
 - Level 16.3 Invocations


You had 9 spell levels left.
You didn't know any spells.

Dungeon Overview and Level Annotations

Branches:
Dungeon (1/1)

Altars:
Cheibriados
Dithmenos
Elyvilon
Fedhas
Gozag
Kikubaaqudgha
Makhleb
Nemelex Xobeh
Okawaru
Qazlal
Ru
Sif Muna
Trog
Vehumet
Xom
Yredelemnul
Zin
The Shining One
Beogh
Jiyva
Lugonu


Message History

The lindwurm closely misses you.
Drink which item? (? for menu, Esc to quit)
You feel much better.
The brain worm's bulging head throbs.
Something tries to feed on your intellect!
The lindwurm bites you!
* * * LOW HITPOINT WARNING * * *
The lindwurm misses you. You block the lindwurm's attack.
The lindwurm barely misses you. The lindwurm claws you!
* * * LOW HITPOINT WARNING * * *
The lindwurm claws you.
* * * LOW HITPOINT WARNING * * *
Use which ability? (? or * to list)
A demon appears!
You feel somewhat more hungry. You block the lindwurm's attack.
The lindwurm claws you.
* * * LOW HITPOINT WARNING * * *
You block the lindwurm's attack. The lindwurm breathes flames at you.
The blast of flame hits you!
You die...

▓.▓.▓[▓
▓.▓.▓.▓
▓w▓.▓.▓
▓w▓.▓.▓
▓w▓.▓.▓
▓k▓.▓)▓
▓k▓.▓|▓
▓k▓.▓.▓
▓@▓.▓.▓
▓.▓.▓'▓
▓2▓.▓_▓
▓.▓.▓_▓
▓.▓.▓_▓
▓.▓.▓_▓
▓.▓.▓_▓
▓.▓.▓_▓
▓.▓.▓_▓


You could see 3 lindwurms, 2 worms, a brain worm and a friendly blizzard demon.

Vanquished Creatures
  A hydra (D)
  A catoblepas (D)
  An ugly thing (D)
  A cyclops (D)
  2 two-headed ogres (D)
  Eustachio (D)
  A hippogriff (D)
  2 yaks (D)
  A steam dragon (D)
  A wolf (D)
  2 porcupines (D)
  A water moccasin (D)
  A wasp (D)
  2 ogres (D)
  A phantom (D)
  A giant frog (D)
  3 crocodiles (D)
  A scorpion (D)
  A crimson imp (D)
  A hound (D)
  An orc wizard (D)
  2 adders (D)
  A worm (D)
  An adder skeleton (D)
  An orc (D)
  3 bats (D)
  A hobgoblin (D)
  A giant gecko (D)
  2 giant newts (D)
  2 quokkas (D)
41 creatures vanquished.

Vanquished Creatures (others)
  An orc wizard (D)
1 creature vanquished.

Grand Total: 42 creatures vanquished

Notes
Turn   | Place    | Note
--------------------------------------------------------------
     0 | D        | Monkaria, the Hill Orc Fighter, began the quest for the Orb.
     0 | D        | Reached XP level 1. HP: 19/19 MP: 1/1
    13 | D        | Reached skill level 4 in Fighting
   139 | D        | Noticed a scorpion
   143 | D        | Reached XP level 2. HP: 24/28 MP: 2/2
   158 | D        | Killed a scorpion
   158 | D        | Reached skill level 8 in Fighting
   158 | D        | Reached XP level 3. HP: 23/41 MP: 3/3
   158 | D        | Reached XP level 4. HP: 27/49 MP: 4/4
   290 | D        | Found a glowing silver altar of Zin.
   290 | D        | Found a glowing golden altar of the Shining One.
   290 | D        | Found an ancient bone altar of Kikubaaqudgha.
   290 | D        | Found a basalt altar of Yredelemnul.
   290 | D        | Found a shimmering altar of Xom.
   290 | D        | Found a radiant altar of Vehumet.
   290 | D        | Found an iron altar of Okawaru.
   291 | D        | Found a burning altar of Makhleb.
   292 | D        | Found a deep blue altar of Sif Muna.
   293 | D        | Found a bloodstained altar of Trog.
   294 | D        | Found a sparkling altar of Nemelex Xobeh.
   295 | D        | Found a white marble altar of Elyvilon.
   296 | D        | Found a roughly hewn altar of Beogh.
   297 | D        | Found a viscous altar of Jiyva.
   298 | D        | Found a corrupted altar of Lugonu.
   299 | D        | Found a blossoming altar of Fedhas.
   300 | D        | Became a worshipper of Makhleb the Destroyer
   301 | D        | Found a snail-covered altar of Cheibriados.
   302 | D        | Found a shadowy altar of Dithmenos.
   303 | D        | Found a stormy altar of Qazlal.
   304 | D        | Found an opulent altar of Gozag.
   305 | D        | Found a sacrificial altar of Ru.
   323 | D        | Got the +4 quarterstaff of Sequestration {crush, rPois+ rF- MR++ Stlth-}
   359 | D        | Noticed a steam dragon
   359 | D        | Noticed an orc wizard
   359 | D        | Noticed an orc wizard
   359 | D        | Noticed an ogre
   359 | D        | Noticed an ogre
   359 | D        | Noticed a two-headed ogre
   362 | D        | Killed a two-headed ogre
   362 | D        | Reached skill level 11 in Long Blades
   362 | D        | Reached XP level 5. HP: 43/56 MP: 5/5
   362 | D        | Reached XP level 6. HP: 47/62 MP: 6/6
   362 | D        | Killed an ogre
   362 | D        | Acquired Makhleb's first power
   362 | D        | Reached skill level 12 in Long Blades
   362 | D        | Killed an ogre
   362 | D        | Reached skill level 13 in Long Blades
   362 | D        | Killed an orc wizard
   362 | D        | Reached XP level 7. HP: 52/69 MP: 7/7
   362 | D        | Killed an orc wizard
   370 | D        | Killed a steam dragon
   370 | D        | Acquired Makhleb's second power
   534 | D        | Noticed a two-headed ogre
   534 | D        | Noticed a purple ugly thing
   534 | D        | Noticed a wasp
   534 | D        | Noticed a phantom
   534 | D        | Noticed a crimson imp
   534 | D        | Noticed a cyclops
   537 | D        | Killed a phantom
   538 | D        | Killed a cyclops
   538 | D        | Reached XP level 8. HP: 47/75 MP: 16/23
   539 | D        | Killed a crimson imp
   539 | D        | Acquired Makhleb's third power
   540 | D        | Killed a wasp
   546 | D        | Killed a purple ugly thing
   546 | D        | Reached skill level 15 in Invocations
   547 | D        | Killed a two-headed ogre
   547 | D        | Acquired Makhleb's fourth power
   547 | D        | Reached skill level 16 in Invocations
   547 | D        | Reached XP level 9. HP: 67/82 MP: 18/27
   621 | D        | Noticed Eustachio
   635 | D        | Killed Eustachio
   727 | D        | Noticed a hound
   727 | D        | Noticed a hippogriff
   727 | D        | Noticed a six-headed hydra
   727 | D        | Noticed a porcupine
   727 | D        | Noticed a yak
   727 | D        | Noticed a porcupine
   727 | D        | Noticed a crocodile
   734 | D        | Killed a crocodile
   734 | D        | Reached skill level 5 in Armour
   736 | D        | Killed a porcupine
   740 | D        | Killed a yak
   741 | D        | Noticed a wolf
   745 | D        | Killed a porcupine
   745 | D        | Acquired Makhleb's fifth power
   756 | D        | Killed a one-headed hydra
   760 | D        | Killed a hippogriff
   761 | D        | Killed a hound
   765 | D        | Killed a wolf
   765 | D        | Reached skill level 10 in Shields
   806 | D        | Noticed a catoblepas
   806 | D        | Noticed a water moccasin
   806 | D        | Noticed a yak
   806 | D        | Noticed a crocodile
   811 | D        | Noticed a giant frog
   813 | D        | Noticed a crocodile
   815 | D        | Killed a crocodile
   819 | D        | Killed a yak
   819 | D        | Reached XP level 10. HP: 83/91 MP: 28/28
   821 | D        | Killed a water moccasin
   844 | D        | Killed a catoblepas
   851 | D        | Killed a giant frog
   854 | D        | Killed a crocodile
   922 | D        | Noticed a brain worm
   922 | D        | Noticed a lindwurm
   922 | D        | Noticed a lindwurm
   922 | D        | Noticed a lindwurm
   929 | D        | Lost intelligence.
   941 | D        | HP: 4/93 [lindwurm (1)]
   941 | D        | Killed from afar by a lindwurm

Action                   |  1- 3 |  4- 6 |  7- 9 | 10-12 || total
-------------------------+-------+-------+-------+-------++-------
Melee: Long sword        |    41 |     1 |       |       ||    42
       Scimitar          |       |     1 |    71 |    35 ||   107
Invok: Greater Servant o |       |       |       |     1 ||     1
Evoke: Wand              |       |     1 |     4 |     2 ||     7
  Use: Potion            |       |       |     2 |     4 ||     6
